 Dungeon Crawl Stone Soup version 0.21.1-1-g345015fe64 (webtiles) character file.

3821 Fascinator the Cleaver (level 9, -12/74 HPs)
             Began as a White Draconian Fighter on July 24, 2018.
             Was a Priest of Makhleb.
             Mangled by an orc warrior
             ... wielding a +0 battleaxe
              (15 damage)
             ... on level 8 of the Dungeon.
             The game lasted 00:19:10 (5917 turns).

Fascinator the Cleaver (White Draconian Fighter)    Turns: 5917, Time: 00:19:13

Health: -12/74     AC:  8    Str: 23    XL:     9   Next: 97%
Magic:  12/12      EV: 13    Int:  8    God:    Makhleb [***...]
Gold:   433        SH: 10    Dex: 14    Spells: 5/8 levels left

rFire    . . .     SeeInvis .   a - +1 war axe
rCold    + . .     Gourm    .   b - +0 shield
rNeg     . . .     Faith    .   (armour unavailable)
rPois    .         Spirit   .   (helmet restricted)
rElec    .         Reflect  .   (no cloak)
rCorr    .         Harm     .   s - +0 pair of gloves
MR       +....                  (no boots)
Stlth    +.........             (no amulet)
HPRegen  0.22/turn              B - ring of protection from magic
MPRegen  0.13/turn              y - +4 ring of dexterity

@: no status effects
A: breathe frost, unfitting armour, cold resistance 1, cold-blooded, AC +7
a: Breathe Frost, Minor Destruction, Lesser Servant of Makhleb, Renounce
Religion


You were on level 8 of the Dungeon.
You worshipped Makhleb.
Makhleb was most pleased with you.
You were near starving.

You visited 1 branch of the dungeon, and saw 8 of its levels.

You collected 433 gold pieces.

Inventory:

Hand Weapons
 a - a +1 war axe (weapon)
Armour
 b - a +0 shield (worn)
 s - a +0 pair of gloves (worn)
Jewellery
 o - a +1 ring of evasion
 p - an uncursed ring of see invisible
 r - an uncursed ring of wizardry
 y - a +4 ring of dexterity (right hand)
 B - a ring of protection from magic (left hand)
Wands
 q - a wand of disintegration (4)
 t - a wand of random effects (8)
 A - a wand of iceblast (5)
Scrolls
 f - 5 scrolls of remove curse
 g - a scroll of immolation {unknown}
 i - 2 scrolls of teleportation
 k - a scroll of enchant weapon
 l - 8 scrolls of identify
 m - a scroll of fog
 u - 3 scrolls of enchant armour {unknown}
Potions
 c - 2 potions of might
 h - 2 potions of invisibility
 n - a potion of cancellation
 w - a potion of flight
 z - 3 potions of agility
Books
 v - a book of Clouds

   Spells                             Type                      Level
   a - Poisonous Vapours              Poison/Air                   2
   b - Mephitic Cloud                 Conjuration/Poison/Air       3
   c - Conjure Flame                  Conjuration/Fire             3
   d - Freezing Cloud                 Conjuration/Ice/Air          6
   e - Ring of Flames                 Charms/Fire                  7
 C - the Volume of the Jolly Gods
   (You found it on level 5 of the Dungeon)

   Spells                             Type                      Level
   a - Shroud of Golubria             Charms/Translocation         2
   b - Blink                          Translocation                2
   c - Passage of Golubria            Translocation                4
   d - Bolt of Magma                  Conjuration/Fire/Earth       5
   e - Malign Gateway                 Summoning/Translocation      7
Miscellaneous
 e - a phial of floods
Comestibles
 d - 10 rations


   Skills:
 + Level 5.5 Fighting
 * Level 10.3 Axes
 + Level 5.0 Dodging
 - Level 0.3 Stealth
 + Level 5.2 Shields
 * Level 4.9 Invocations
 * Level 4.4 Evocations


You had 5 spell levels left.
You knew the following spells:

 Your Spells              Type           Power        Failure   Level  Hunger
a - Mephitic Cloud        Conj/Pois/Air  #.......     99%         3    ####...


Dungeon Overview and Level Annotations

Branches:
Dungeon (8/15)             Temple (0/1) D:4
   Lair: D:8-11

Altars:
Ashenzari
Cheibriados
Fedhas
Kikubaaqudgha
Makhleb
Qazlal
Sif Muna
Trog
Wu Jian
Yredelemnul
The Shining One

Shops:
D:4 ?   D:5 %   D:6 =

Annotations:
D:3 1 runed door


Innate Abilities, Weirdness & Mutations

You can breathe waves of freezing cold.
You can buffet flying creatures when you breathe cold.
Your icy white scales are hard. (AC +7)
You cannot fit into any form of body armour.
Your flesh is cold resistant. (rC+)
You are cold-blooded and may be slowed by cold attacks.


Message History

You slash the orc warrior!
The orc warrior is heavily wounded.
You block the orc warrior's attack. The orc hits you but does no damage.
You closely miss the orc warrior.
The orc warrior is heavily wounded.
You slash the orc!
You kill the orc!
Makhleb accepts your kill.
The orc warrior hits you with a battleaxe.
* * * LOW HITPOINT WARNING * * *
You barely miss the orc warrior.
The orc warrior is heavily wounded.
You block the orc warrior's attack.
You closely miss the orc warrior.
The orc warrior is heavily wounded.
You feel less wooden.
Your +0 pair of gloves unmelds from your body.
You are no longer corroded.
The orc warrior hits you with a battleaxe!
You die...

#..# #.........# ###..#
#.........#
########....## ..........
#.....##.....## .........
..........(...###........
...†.).........##....#
.....).........##....#
......).........#o...#
...............3@o###...#
........>.......### ###
................#
......<.........#
#.....##........#
########........#
#........# ##########


You could see an orc warrior, an orc and a friendly neqoxec.

Vanquished Creatures
  Prince Ribbit (D:7)
  A hippogriff (D:7)
  Sigmund (D:5)
  A wraith (D:5)
  A hungry ghost (D:8)
  Menkaure (D:5)
  Duvessa (D:5)
  An orc warrior (D:6)
  2 phantoms
  A sky beast (D:6)
  A big kobold (D:7)
  9 bullfrogs
  Dowan (D:5)
  2 howler monkeys (D:8)
  A centaur zombie (D:7)
  A crimson imp (D:6)
  A quasit (D:6)
  3 iron imps (D:3)
  3 orc priests
  4 hounds
  3 jellies
  A bullfrog skeleton (D:7)
  Jessica (D:2)
  Ijyb (D:5)
  3 iguanas
  6 worker ants
  2 orc wizards
  A killer bee zombie (D:6)
  A hound skeleton (D:5)
  9 adders
  2 shadow imps (D:6)
  An ooze (D:5)
  2 adder zombies (D:5)
  An adder skeleton (D:4)
  5 worms
  5 dart slugs
  4 leopard geckos
  19 orcs
  4 giant cockroaches
  7 goblins
  5 hobgoblins
  9 jackals
  3 quokkas
  A ball python (D:2)
  9 bats
  5 frilled lizards
  14 kobolds
  2 leopard gecko skeletons
  5 rats
168 creatures vanquished.

Vanquished Creatures (collateral kills)
  Erica (D:8)
  A bullfrog (D:8)
2 creatures vanquished.

Grand Total: 170 creatures vanquished

Notes
Turn   | Place    | Note
-------+----------+-------------------------------------------
     0 | D:1      | Fascinator the Draconian Fighter began the quest for the Orb.
     0 | D:1      | Reached XP level 1. HP: 19/19 MP: 1/1
    84 | D:1      | Reached XP level 2. HP: 14/26 MP: 2/2
   920 | D:2      | Found a shattered altar of Ashenzari.
   926 | D:2      | Reached XP level 3. HP: 29/31 MP: 3/3
  1276 | D:2      | Noticed Jessica
  1282 | D:2      | Killed Jessica
  1282 | D:2      | Reached skill level 3 in Axes
  1496 | D:2      | Reached XP level 4. HP: 30/39 MP: 4/4
  2169 | D:3      | Found a glowing golden altar of the Shining One.
  2169 | D:3      | Found a runed door.
  2169 | D:3      | Noticed an angel
  2380 | D:3      | Reached skill level 4 in Axes
  2474 | D:3      | Reached XP level 5. HP: 35/45 MP: 5/5
  2489 | D:3      | Found a burning altar of Makhleb.
  2529 | D:3      | Became a worshipper of Makhleb the Destroyer
  2632 | D:4      | Found a staircase to the Ecumenical Temple.
  2641 | D:4      | Found Daesap's Magic Scroll Shoppe.
  2647 | D:4      | Reached skill level 5 in Axes
  2695 | D:4      | Reached XP level 6. HP: 42/52 MP: 6/6
  3069 | D:4      | Found a deep blue altar of Sif Muna.
  3177 | D:4      | Reached skill level 1 in Invocations
  3194 | D:4      | Reached skill level 1 in Evocations
  3349 | D:5      | Entered Level 5 of the Dungeon
  3359 | D:5      | Noticed Sigmund
  3364 | D:5      | Killed Sigmund
  3364 | D:5      | Reached skill level 6 in Axes
  3364 | D:5      | Your scales start taking on an icy white colour.
  3364 | D:5      | Reached XP level 7. HP: 59/59 MP: 6/8
  3364 | D:5      | Gained mutation: Your flesh is cold resistant. (rC+) [White Draconian growth]
  3393 | D:5      | Found a transporter.
  3406 | D:5      | Reached * piety under Makhleb
  3506 | D:5      | Noticed Ijyb
  3518 | D:5      | Killed Ijyb
  3571 | D:5      | Identified the Volume of the Jolly Gods
  3602 | D:5      | Found a transporter.
  3603 | D:5      | Found a basalt altar of Yredelemnul.
  3603 | D:5      | Noticed a wraith
  3608 | D:5      | Found Ugro's Food Emporium.
  3623 | D:5      | Noticed Dowan
  3624 | D:5      | Noticed Duvessa
  3657 | D:5      | Noticed Menkaure
  3659 | D:5      | Found an ancient bone altar of Kikubaaqudgha.
  3662 | D:5      | HP: 1/59 [Duvessa/rapier (5)]
  3675 | D:5      | Killed Duvessa
  3675 | D:5      | Reached skill level 7 in Axes
  3991 | D:5      | Killed Dowan
  3991 | D:5      | Reached XP level 8. HP: 67/67 MP: 9/9
  4126 | D:5      | Killed Menkaure
  4278 | D:6      | Found an ornate altar of the Wu Jian Council.
  4298 | D:6      | Found Inoll's Jewellery Shop.
  4329 | D:6      | Found a stormy altar of Qazlal.
  4330 | D:6      | Noticed an air elemental
  4343 | D:6      | Reached skill level 8 in Axes
  4388 | D:6      | Reached ** piety under Makhleb
  4703 | D:6      | Found a blossoming altar of Fedhas.
  4843 | D:7      | Reached XP level 9. HP: 73/73 MP: 11/11
  4871 | D:7      | Reached skill level 9 in Axes
  5097 | D:7      | Found a bloodstained altar of Trog.
  5097 | D:7      | Found a snail-covered altar of Cheibriados.
  5179 | D:7      | Reached skill level 5 in Fighting
  5355 | D:7      | Learned a level 3 spell: Mephitic Cloud
  5484 | D:7      | Noticed Prince Ribbit
  5585 | D:7      | Killed Prince Ribbit
  5819 | D:8      | Reached *** piety under Makhleb
  5875 | D:8      | Noticed Erica
  5893 | D:8      | Reached skill level 5 in Shields
  5904 | D:8      | HP: 4/111 [something (3)]
  5906 | D:8      | Reached skill level 10 in Axes
  5908 | D:8      | Killed Erica
  5908 | D:8      | Reached skill level 5 in Dodging
  5915 | D:8      | HP: 5/111 [orc warrior/battleaxe (2)]
  5917 | D:8      | Mangled by an orc warrior

Skill      XL: |  1  2  3  4  5  6  7  8  9 |
---------------+----------------------------+-----
Dodging        | 3 4 5 |  5.0
Axes           | 3 4 5 6 7 8 10 | 10.3
Invocations    | 1 2 3 4 |  4.9
Evocations     | 1 2 3 4 |  4.4
Fighting       | 4 5 |  5.5
Shields        | 4 5 |  5.2
Stealth        | |  0.3

Action                   |  1- 3 |  4- 6 |  7- 9 || total
-------------------------+-------+-------+-------++-------
Melee: War axe           |    92 |   174 |   319 ||   585
       Tailslap          |    13 |    30 |    43 ||    86
Invok: Minor Destruction |       |       |     2 ||     2
       Lesser Servant of |       |       |     2 ||     2
 Abil: Breathe Frost     |       |       |     3 ||     3
Evoke: Wand              |       |       |     5 ||     5
  Use: Potion            |       |     1 |     9 ||    10
       Scroll            |       |       |    14 ||    14
 Stab: Sleeping          |       |     1 |     1 ||     2
       Invisible         |       |       |     1 ||     1
  Eat: Chunk             |     1 |     6 |     8 ||    15
       Ration            |       |       |     2 ||     2
Armor: Skin              |    51 |    50 |   106 ||   207
Dodge: Dodged            |    66 |    88 |   144 ||   298
Block: Shield            |    61 |    95 |   169 ||   325
